 Dungeon Crawl Stone Soup version 0.29.1-2-gbd0b4ee654 (webtiles) character file.

Game seed: 15469009014283942323

41 xian the Trooper (level 3, -12/30 HPs)
             Began as a Demonspawn Abyssal Knight on Nov 4, 2022.
             Was a Priest of Lugonu.
             Killed by an exploding scorpion (14 damage)
             ... ignited by their inner flame
             ... on level 3 of the Dungeon.
             The game lasted 00:03:50 (2189 turns).

xian the Trooper (Demonspawn Abyssal Knight)        Turns: 2189, Time: 00:03:51

Health: -12/30     AC:  9    Str: 15    XL:     3   Next: 32%
Magic:  4/4        EV:  9    Int: 11    God:    Lugonu [***...]
Gold:   115        SH:  0    Dex: 13    Spells: 2/2 levels left

rFire   . . .      SeeInvis .   a - +1 hand axe
rCold   . . .      Faith    .   (no shield)
rNeg    . . .      Spirit   .   e - +0 scale mail
rPois   .          Reflect  .   (no helmet)
rElec   .          Harm     .   d - +0 cloak
rCorr   .          Rampage  .   (no gloves)
Will    .....                   (no boots)
Stlth   ..........              (no amulet)
HPRegen 0.10/turn               (no ring)
MPRegen 0.09/turn               (no ring)

@: attractive, flying
A: icy blue scales 1, demonic magic 1
a: Renounce Religion, Depart the Abyss, Bend Space, Banish


You were on level 3 of the Dungeon.
You worshipped Lugonu.
Lugonu was most pleased with you.
You visited 1 branch of the dungeon, and saw 3 of its levels.
You visited the Abyss 1 time.

You collected 115 gold pieces.

Inventory:

Hand Weapons
 a - a +1 hand axe (weapon)
Armour
 d - a +0 cloak (worn)
 e - a +0 scale mail (worn)
Potions
 f - 2 potions of attraction


   Skills:
 + Level 3.8 Fighting
 + Level 2.2 Axes
 + Level 2.1 Armour
 + Level 1.0 Dodging
 + Level 0.1 Stealth
 + Level 2.4 Invocations


You had 2 spell levels left.
You didn't know any spells.
Your spell library contained the following spells:

 Spells                   Type           Power      Damage    Failure   Level
 Apportation              Tloc           0%         N/A       80%         1
 Necrotise                Necr           0%         1d4       80%         1
 Summon Small Mammal      Summ           0%         N/A       80%         1


Dungeon Overview and Level Annotations

Branches:
Dungeon (3/15)

Altars:


Innate Abilities, Weirdness & Mutations

You are partially covered in icy blue scales. (AC +2)
Spells you cast may paralyse adjacent enemies.


Message History

Unknown command.
Unknown command.
Okay, then.
Unknown command.
As you read the scroll labelled ILIYCL SAPTO, it crumbles to dust.
The creatures around you are filled with an inner flame!
It was a scroll of immolation.
The scorpion stings you but does no damage.
The scorpion stings you.
* * * LOW HITPOINT WARNING * * *
Unknown command.
Blink to where?
Press: ? - help, Dir - move target
As you read the scroll labelled VYOT AXTUNNUI, it crumbles to dust.
It was a scroll of blinking.
The scorpion is attracted toward you. The scorpion is attracted toward you.
Welcome back, xian the Demonspawn Abyssal Knight.
Lugonu says: Spread carnage and corruption!
Press ? for a list of commands and other information.
You hit the scorpion but do no damage.
The scorpion is lightly wounded.
The scorpion closely misses you. The scorpion stings you.
* * * LOW HITPOINT WARNING * * *
You hit the scorpion but do no damage.
The scorpion is lightly wounded.
The scorpion stings you.
* * * LOW HITPOINT WARNING * * *
You hit the scorpion but do no damage.
The scorpion is lightly wounded.
The scorpion barely misses you.
You hit the scorpion.
Flame seeps out of the scorpion.
The scorpion is heavily wounded.
The scorpion is engulfed in blazing flames.
Flame seeps out of the scorpion.
The scorpion stings you but does no damage.
The scorpion is engulfed in blazing flames.
Lugonu accepts your kill.
The scorpion explodes!
The fiery explosion engulfs you!
You die...

...#.......... .......
#............. .......
#.............
.......######.............
.......................... .
................####..... ...
..##.............###......
...#+##.##...§§§................
.......##...§○@..)...........#.
#..........§§§..............#.
#..............#........#+###.
##..............#........#. #.<
#...............#........#.##..
#+#..........#........#.....
.#.##.#§####.....#........###...
......$§# #.....##...........(.
...........#.....##..........###


There were no monsters in sight!

Vanquished Creatures
  A scorpion (D:3)
  A dart slug (D:3)
  3 bats
  5 endoplasms (D:1)
  A giant cockroach (D:3)
  3 hobgoblins
  5 jackals
  4 quokkas (D:1)
  5 ball pythons
  A frilled lizard (D:1)
  4 kobolds
  3 rats (D:1)
36 creatures vanquished.

Notes
Turn   | Place    | Note
-------+----------+-------------------------------------------
     0 | Abyss:1  | xian the Demonspawn Abyssal Knight began the quest for the
                  | Orb.
     0 | Abyss:1  | Reached XP level 1. HP: 18/18 MP: 2/2
     1 | D:1      | Escaped the Abyss
   629 | D:1      | Gained mutation: You are partially covered in icy blue
                  | scales. (AC +2) [demonic ancestry]
   629 | D:1      | Reached XP level 2. HP: 16/24 MP: 3/3
  1006 | D:1      | Reached skill level 1 in Dodging
  1521 | D:2      | Noticed an ogre
  1528 | D:2      | Gained mutation: Spells you cast may paralyse adjacent
                  | enemies. [demonic ancestry]
  1528 | D:2      | Reached XP level 3. HP: 30/30 MP: 4/4
  1784 | D:3      | Reached *** piety under Lugonu
  2173 | D:3      | Noticed a scorpion
  2187 | D:3      | HP: 1/30 [scorpion (3)]
  2189 | D:3      | Killed a scorpion
  2189 | D:3      | Killed by an exploding scorpion... ignited by their inner
                  | flame

Illustrated notes

Levels and vault maps discovered:
D:1:      co_arrival_square_in_a_square_in_a_square, layout_loops_corners,
          serial_park_tiny_1
D:2:      minmay_wonky_spiral, layout_rooms,
          hellmonk_ecumenical_altar_heavens_door, serial_shops, shop_statue,
          nrook_campfire, minmay_misc_feat_encased
D:3:      layout_basic, hangedman_abyss_or_decor_stabs, grunt_ministairs_8,
          chequers_arboretum, hex_medium, nicolae_elevator_lobby_asterisk

Skill      XL: |  1  2 |
---------------+-------+-----
Armour         | 2 |  2.1
Axes           | 2 |  2.2
Dodging        | 1 |  1.0
Fighting       | |  3.8
Stealth        | |  0.1
Invocations    | |  2.4

Action                   || total
-------------------------++-------
Melee: Hand axe          ||   102
       Punch             ||     2
  Use: Scroll            ||     5
       Potion            ||     4
 Stab: Sleeping          ||     1
Armor: Leather armour    ||     9
       Scale mail        ||    65
Dodge: Dodged            ||    68
